 Dungeon Crawl Stone Soup version 0.31-a0-240-gb923e448b6 (webtiles) character file.

Game seed: 11133094190642622292

149 qw the Shooter (level 5, -1/45 HPs)
             Began as a Minotaur Hexslinger on July 11, 2023.
             Slain by an orc
             ... wielding a +0 falchion
              (6 damage)
             ... on level 3 of the Dungeon.
             The game lasted 00:00:58 (2395 turns).

qw the Shooter (Minotaur Hexslinger)                Turns: 2395, Time: 00:00:59

Health: -1/45      AC:  3    Str: 13    XL:     5   Next: 9%
Magic:  5/5        EV: 12    Int: 10    God:
Gold:   128        SH:  0    Dex: 14    Spells: 5/6 levels left

rFire   . . .        Y - +1 sling
rCold   . . .        (no shield)
rNeg    . . .        a - +0 leather armour
rPois   .            (helmet restricted)
rElec   .            (no cloak)
rCorr   .            (no gloves)
SInv    .            (no boots)
Will    .....        (no amulet)
Stlth   +            (no ring)
HPRegen 0.27/turn    (no ring)
MPRegen 0.09/turn

%: no passive effects
@: no status effects
A: horns 2, retaliatory headbutt
a: no special abilities


You were on level 3 of the Dungeon.
You visited 1 branch of the dungeon, and saw 3 of its levels.

You collected 128 gold pieces.


Innate Abilities, Weirdness & Mutations

You have a pair of horns on your head.
You reflexively headbutt those who attack you in melee.


   Skills:
 - Level 3.0 Fighting
 + Level 5.2 Ranged Weapons
 - Level 2.1 Dodging
 - Level 1.0 Spellcasting
 - Level 2.0 Hexes


You had 5 spell levels left.
You knew the following spells:

 Your Spells              Type           Power      Damage    Failure   Level
a - Slow                  Hex            16%        N/A       19%         1

Your spell library contained the following spells:

 Spells                   Type           Power      Damage    Failure   Level
 Inner Flame              Hex/Fire       2%         N/A       65%         3
 Portal Projectile        Hex/Tloc       4%         N/A       65%         3
 Cause Fear               Hex            2%         N/A       88%         4

Inventory:

Hand Weapons
 Y - a +1 sling (weapon)
Armour
 a - a +0 leather armour (worn)
Wands
 c - a wand of digging (5)
Scrolls
 f - 2 scrolls of identify
 l - a scroll of torment {unknown}
 m - a scroll of fog {unknown}
Potions
 b - a potion of degeneration {unknown}
 d - 3 potions of curing {unknown}
 e - a potion of mutation {unknown}
 g - a potion of haste
 h - a potion of berserk rage {unknown}
 i - a potion of heal wounds {unknown}
 j - a potion of attraction {unknown}
 k - a potion of brilliance {unknown}

Dungeon Overview and Level Annotations

Branches:
Dungeon (3/15)

Altars:
Elyvilon
Fedhas


Message History

An orc priest comes into view. It is wielding a +0 hand axe.
You shoot a sling bullet.
The sling bullet completely misses the orc.
The orc priest shouts!
The orc priest looks satisfied for a moment.
The orc hits you with a +0 flail.
You shoot a sling bullet. The sling bullet barely misses the orc.
An orc comes into view. It is wielding a +0 club.
You shoot a sling bullet. The sling bullet hits the orc.
The orc is severely wounded.
The orc hits you with a +0 flail! The orc closely misses you.
You shoot a sling bullet.
The sling bullet closely misses the orc.
The orc barely misses you. The orc hits you with a +0 falchion.
The orc hits you with a +0 flail.
You shoot a sling bullet.
The sling bullet closely misses the orc.
The orc barely misses you. x2
You shoot a sling bullet.
The sling bullet closely misses the orc.
The orc hits you with a +0 flail. The orc hits you with a +0 falchion.
You shoot a sling bullet. The sling bullet hits the orc.
You kill the orc!
You shoot a sling bullet.
The sling bullet closely misses the orc.
The orc barely misses you. The orc hits you but does no damage.
You shoot a sling bullet. The sling bullet barely misses the orc.
The orc hits you but does no damage. The orc closely misses you.
You furiously retaliate!
You headbutt the orc!
You kill the orc!
You shoot a sling bullet. The sling bullet hits the orc.
The orc is severely wounded.
The orc hits you with a +0 falchion.
The orc priest calls upon Beogh to heal the orc.
The orc's wounds heal themselves!
The orc hits you with a +0 club.
You shoot a sling bullet. The sling bullet hits the orc.
The orc is moderately wounded.
The orc barely misses you. The orc hits you with a +0 club.
The orc hits you with a +0 falchion.
You die...

.....#......# .#
##+#.#......# ##
.:...#......#######
#8
#....#............#..
#....#.###'########.
+......|...........
#........#.......)#
#........#.######o#
#........#.#####@o#
####+#+###.#.....##
##.......#...###.#
##...............#
##...#.#.#.#.#.#.#
.................#
.......}.....}...#
.........._........
.......}.....}.....


You could see 2 orcs.

Vanquished Creatures
  Terence (D:2)
  Robin (D:2)
  2 adders
  2 worms
  4 dart slugs
  6 orcs (D:3)
  7 ball pythons
  3 endoplasms
  4 giant cockroaches
  7 goblins (D:2)
  8 hobgoblins
  2 jackals (D:1)
  5 kobolds
  9 bats
  7 frilled lizards
  5 rats
73 creatures vanquished.

Notes
Turn   | Place    | Note
-------+----------+-------------------------------------------
     0 | D:1      | qw the Minotaur Hexslinger began the quest for the Orb.
     0 | D:1      | Reached XP level 1. HP: 16/16 MP: 1/1
     0 | D:1      | 0 ||| qw: Version: 0.3-a-52-g30416fa
     0 | D:1      | 0 ||| qw: Game counter: 6001
     0 | D:1      | 0 ||| qw: Melee chars always use a shield: true
     0 | D:1      | 0 ||| qw: God list: Okawaru
     0 | D:1      | 0 ||| qw: Allow faded altars: false
     0 | D:1      | 0 ||| qw: Do Orc after clearing Dungeon:15 true
     0 | D:1      | 0 ||| qw: Do second Lair branch before Depths: true
     0 | D:1      | 0 ||| qw: Lair rune preference: random
     0 | D:1      | 0 ||| qw: Goals: Normal
     0 | D:1      | 0 ||| PLANNING D:1-11
    68 | D:1      | Reached skill level 3 in Ranged Weapons
    90 | D:1      | Reached XP level 2. HP: 23/23 MP: 2/2
   333 | D:1      | Reached XP level 3. HP: 29/29 MP: 3/3
   794 | D:1      | 794 ||| READING scroll labelled RYMOLA REOLOJ.
   795 | D:1      | 795 ||| READING scroll labelled SOLELO SOVIA.
   796 | D:1      | 796 ||| READING scroll labelled GYMIEN WIRI.
   797 | D:1      | 797 ||| DROPPING scroll of poison.
   837 | D:2      | 837 ||| STAIRDANCE
  1083 | D:2      | Reached skill level 4 in Ranged Weapons
  1164 | D:2      | Noticed Robin
  1175 | D:2      | Killed Robin
  1176 | D:2      | Reached XP level 4. HP: 26/36 MP: 4/4
  1185 | D:2      | 1185 ||| FLEEEEING.
  1186 | D:2      | 1186 ||| FLEEEEING.
  1187 | D:2      | 1187 ||| FLEEEEING.
  1188 | D:2      | 1188 ||| FLEEEEING.
  1189 | D:2      | 1189 ||| FLEEEEING.
  1202 | D:2      | 1202 ||| FLEEEEING.
  1390 | D:2      | Noticed Terence
  1402 | D:2      | Killed Terence
  1403 | D:2      | Reached skill level 5 in Ranged Weapons
  1505 | D:2      | 1505 ||| UPGRADING to +0 leather armour.
  1517 | D:2      | 1517 ||| FLEEEEING.
  1518 | D:2      | 1518 ||| FLEEEEING.
  1530 | D:2      | 1530 ||| DROPPING +0 robe.
  2003 | D:2      | 2003 ||| READING scroll labelled ZUSCHU ZASA POO.
  2004 | D:2      | 2004 ||| READING scroll labelled XUOMINOI CUUSI.
  2033 | D:3      | Found a blossoming altar of Fedhas.
  2145 | D:3      | Found a white marble altar of Elyvilon.
  2241 | D:3      | Reached skill level 3 in Fighting
  2300 | D:3      | Reached XP level 5. HP: 45/45 MP: 5/5
  2394 | D:3      | HP: 11/45 [orc/+0 falchion (4)]
  2395 | D:3      | HP: 5/45 [orc/+0 club (1)]
  2395 | D:3      | Slain by an orc

Levels and vault maps discovered:
D:1:      dpeg_arrival_prison, layout_basic, minmay_heptomino_h4
D:2:      layout_loops_ring, serial_co_window_serial, co_window_corner_a,
          co_window_paths_a, co_window_paths_a, co_window_of_opportunity_a,
          co_window_paths_a, co_window_corner_b, co_window_broadway_c,
          co_window_broadway_a, co_window_broadway_a, co_window_broadway_b,
          co_window_broadway_a, co_window_of_opportunity_b, co_window_paths_d,
          glass_columns_b, glass_columns_b, glass_columns_a, glass_columns_a,
          uniq_terence, uniq_robin
D:3:      layout_basic, elyvilon_altar_5, nicolae_overflow_hidden_temple,
          chequers_serial_rivers_large_b, pf_guarded_unrand_meek, uniq_ijyb

Skill      XL: |  1  2  3  4 |
---------------+-------------+-----
Ranged Weapons | 3 4 5 |  5.2
Fighting       | 2 3 |  3.0
Dodging        | |  2.1
Spellcasting   | |  1.0
Hexes          | |  2.0

Action                     |  1- 3 |  4- 6 || total
---------------------------+-------+-------++-------
   Fire: Sling             |   113 |    98 ||   211
    Use: Scroll            |     3 |     2 ||     5
 Armour: Robe              |     9 |     1 ||    10
         Leather armour    |       |     3 ||     3
  Dodge: Dodged            |    51 |    23 ||    74

Table legend:
 A = Non-vault XP
 B = Vault XP
 C = Vault XP percentage of total XP
 D = Non-vault monster count
 E = Vault monster count
 F = Vault count percentage of total count
                 A         B        C        D         E       F
            +---------+---------+-------+---------+---------+-------
      Total |     129 |      84 |  39.4 |      55 |      18 |  24.7
            +---------+---------+-------+---------+---------+-------
        D:1 |      50 |      10 |  16.7 |      27 |       6 |  18.2
        D:2 |      43 |      65 |  60.2 |      17 |       9 |  34.6
        D:3 |      36 |       9 |  20.0 |      11 |       3 |  21.4
            +---------+---------+-------+---------+---------+-------
